 Dungeon Sprint DCSS version 0.30-a0-52-g86a8295270 (webtiles) character file.

Game seed: 17118861446282160620

11107 Ankalagon the Marksdraconian (level 11, -14/102 HPs)
             Began as a Grey Draconian Monk on Sept 6, 2022.
             Was an Initiate of Gozag.
             Shot with a bolt by a yaktaur captain (34 damage)
             ... in the Dungeon (Sprint II: "The Violet Keep of Menkaure").
             The game lasted 00:23:35 (4065 turns).

Ankalagon the Marksdraconian (Grey Draconian Monk)  Turns: 4065, Time: 00:23:36

Health: -14/102    AC: 15    Str: 12    XL:     11   Next: 45%
Magic:  0/11       EV: 18    Int: 15    God:    Gozag
Gold:   268        SH:  0    Dex: 17    Spells: 4/10 levels left

rFire   . . .      SeeInvis .      - Unarmed
rCold   . . .      Faith    .    (no shield)
rNeg    . . .      Spirit   +    (body armour unavailable)
rPois   +          Reflect  .    (helmet restricted)
rElec   +          Harm     .    A - +0 cloak
rCorr   .          Rampage  .    (no gloves)
Will    +....      NoTele   +    B - +1 pair of boots
Stlth   ++........               v - amulet of guardian spirit
HPRegen 0.27/turn                i - ring of Morality {Fly rElec rPois Slay+4}
MPRegen 0.12/turn                q - ring of willpower

@: mighty, flying, hasted, invisible, very quick
A: AC +12, amphibious, unfitting armour, cold-blooded, hooves 1, clever 1,
poison resistance
a: Renounce Religion, Potion Petition, Call Merchant, Bribe Branch


You were in the Dungeon.
You worshipped Gozag.
Gozag was aware of your devotion.
You visited 1 branch You collected 4030 gold pieces.
You spent 2460 gold pieces at shops.
You paid 1302 gold pieces to Gozag.

Inventory:

Hand Weapons
 b - a +1 arbalest
Armour
 A - a +0 cloak (worn)
 B - a +1 pair of boots (worn)
Jewellery
 i - the ring of Morality (left hand) {Fly rElec rPois Slay+4}
   (You bought it in a shop in the Dungeon)

   [ring of slaying]

   Slay:      It affects your accuracy & damage with ranged weapons and melee
   (+4).
   rElec:     It insulates you from electricity.
   rPois:     It protects you from poison.
   Fly:       It grants you flight.
 q - a ring of willpower (right hand)
 u - a +6 ring of dexterity
 v - an amulet of guardian spirit (around neck)
Scrolls
 l - a scroll of torment
 n - a scroll of amnesia
 p - a scroll of immolation
 t - 2 scrolls of fear
 x - a scroll of magic mapping
 y - a scroll of poison
Potions
 a - a potion of ambrosia
 d - a potion of haste
 e - 5 potions of magic
 f - 3 potions of curing
 h - a potion of cancellation
 o - 3 potions of resistance
 r - 9 potions of flight
 z - a potion of brilliance
 E - a potion of attraction


   Skills:
 - Level 11.5 Fighting
 - Level 16.7 Ranged Weapons
 - Level 9.8 Dodging
 - Level 1.7 Stealth
 - Level 14.1 Unarmed Combat
 + Level 7.7 Transmutations
 + Level 9.2 Earth Magic


You had 4 spell levels left.
You knew the following spells:

 Your Spells              Type           Power      Damage    Failure   Level
d - Statue Form           Tmut/Erth      16%        N/A       77%         6

Your spell library contained the following spells:

 Spells                   Type           Power      Damage    Failure   Level
 Sandblast                Erth           54%        2d13      1%          1
 Stone Arrow              Conj/Erth      26%        3d8       12%         3
 Ignite Poison            Fire/Tmut/Pois 7%         N/A       28%         3
 Leda's Liquefaction      Hex/Erth       6%         N/A       38%         4
 Conjure Flame            Conj/Fire      0%         6-21      63%         3
 Gell's Gravitas          Tloc           0%         N/A       63%         3
 Teleport Other           Tloc           0%         N/A       63%         3
 Sticky Flame             Conj/Fire      0%         2d3       95%         4
 Borgnjor's Vile Clutch   Necr/Erth      6%         N/A       75%         5
 Dispersal                Tloc           0%         N/A       100%        6


Dungeon Overview and Level Annotations

Branches:
Dungeon (1/1)

Altars:
Cheibriados
Dithmenos
Elyvilon
Fedhas
Gozag
Hepliaklqana
Kikubaaqudgha
Makhleb
Nemelex Xobeh
Okawaru
Qazlal
Ru
Sif Muna
Trog
Uskayaw
Vehumet
Wu Jian
Xom
Yredelemnul
Zin
The Shining One
Jiyva
Lugonu

Shops:
D :?!=:![?([[::=[(?

Annotations:
D exclusions: obsidian statue and oklob plant


Innate Abilities, Weirdness & Mutations

Your dull iron-grey scales are very hard. (AC +12)
You are amphibious.
You cannot fit into any form of body armour.
You are cold-blooded and may be slowed by cold attacks.
You have large cloven feet.
Your mind is acute. (Int +4, Str/Dex -1)
Your system is resistant to poisons. (rPois)


Message History

As you read the scroll of summoning, it crumbles to dust.
Wisps of shadow whirl around you... The bone dragon barely misses you.
The bone dragon claws you but does no damage.
The bone dragon tramples you.
* * * LOW HITPOINT WARNING * * *
You are shoved backwards!
Your hobgoblin barely misses the bone dragon.
Your kobold hits the bone dragon but does no damage.
Blink to where?
Press: ? - help, Dir - move target, p - deep elf high priest
As you read the scroll of blinking, it crumbles to dust.
The deep elf high priest hits you but does no damage.
Your goblin hits the deep elf high priest with a +0 dagger.
Your hobgoblin barely misses the bone dragon.
You punch the deep elf high priest!
The deep elf high priest is heavily wounded.
The yaktaur captain wields a +0 arbalest.
The yaktaur captain shoots a bolt.
The bolt hits you!
* * * LOW HITPOINT WARNING * * *
You fade into invisibility!
Your goblin barely misses the deep elf high priest.
Your kobold hits the deep elf high priest with a +0 dagger.
Your hobgoblin hits the bone dragon but does no damage.
Okay, then.
Unknown command.
Press < or > to pray at altars.
An earth elemental comes into view.
The deep elf high priest utters a dark prayer and points at the bone dragon.
The bone dragon is unaffected.
The yaktaur captain shoots a bolt.
The bolt hits your goblin!!
Your goblin dies!
Your goblin's corpse dissolves into shadows!
There is a hazy altar of Hepliaklqana here.
You feel better.
Your hobgoblin hits the bone dragon but does no damage.
Your kobold hits the deep elf high priest with a +0 dagger.
Really fly into a travel-excluded area?
The yaktaur captain shoots a bolt.
The bolt hits you!!!
You die...
Your body crumbles into a pile of gold.

s#§~#....#$,#...####▓.....(..▓▓,,
ce.####..##*##..##.#▓[.(....(▓▓,,
#$###.##..#,,+.E#..#▓...(([()▓▓,,
#D.#.#.#..#,$#..#..#▓.[..[...▓▓$⌠
$cD'.##'..####.^##.#▓[(......▓▓,,
#Y##..##....###...##▓▓▓▓▓▓▓'▓▓▓▓+
#+###.##......~c~~~~~§§§~~~...≈≈≈
.#.####~~.....~#'########'###.≈≈≈
.#..#~~~~§§~..~#@._._._.#~~~##≈≈≈
§#.##~~~~§~~~.~#._._._..#~~§≈####
#'##~~~≈≈§§~§~~#_._._._.#~§~~≈#*$
~~§§~~~~≈≈§≈§~~#D_._._._#~§§§§≈#$
§#§§'#~≈≈≈≈≈≈≈$#eg_._._.#~§~~~§+$
≈§§≈§##§≈≈###§§#K.._._._#D§§§§~#$
§§≈§§≈##≈≈#,#§≈#...._._.#Y§≈≈≈≈*$
§§≈≈§§≈+≈≈#+#§≈#....._._#~§§§▓***
≈§§§≈≈##≈§≈≈≈≈≈##########~≈≈≈▓z,,


You could see a bone dragon (ally target), a yaktaur captain (unable to see
you), a deep elf high priest (wandering, unable to see you), an earth elemental
(wandering, unable to see you), a friendly hobgoblin (summoned) and a friendly
kobold (summoned).

Vanquished Creatures
  A kraken (D)
  Roxanne (D)
  A frost giant (D)
  A cacodemon (D)
  A crystal guardian (D)
  2 boulder beetles (D)
  A centaur warrior (D)
  A skeletal warrior (D)
  2 death drakes (D)
  A yaktaur (D)
  A kobold demonologist (D)
  3 polar bears (D)
  A hornet (D)
  4 neqoxecs (D)
  2 redbacks (D)
  Menkaure (D)
  4 water moccasins (D)
  2 swamp drakes (D)
  4 necrophages (D)
  4 scorpions (D)
  9 electric eels (D)
  A hell rat (D)
  4 tentacles (D)
52 creatures vanquished.

Vanquished Creatures (others)
  Kirke (D)
  A water moccasin (D)
  35 tentacles (D)
37 creatures vanquished.

Grand Total: 89 creatures vanquished

Notes
Turn   | Place    | Note
-------+----------+-------------------------------------------
     0 | D        | Ankalagon the Draconian Monk began the quest for the Orb.
     0 | D        | Reached XP level 1. HP: 19/19 MP: 1/1
     1 | D        | Noticed a boulder beetle
     1 | D        | Noticed a boulder beetle
     4 | D        | Noticed a neqoxec
     4 | D        | Noticed a neqoxec
     4 | D        | Noticed a neqoxec
     4 | D        | Noticed a neqoxec
    13 | D        | Killed a neqoxec
    13 | D        | Gained mutation: Potions are less effective at restoring
                  | your health. [a neqoxec]
    14 | D        | Reached skill level 10 in Unarmed Combat
    14 | D        | Reached XP level 2. HP: 19/26 MP: 2/2
    14 | D        | Reached XP level 3. HP: 23/31 MP: 3/3
    14 | D        | Reached XP level 4. HP: 28/38 MP: 4/4
    14 | D        | Lost mutation: Potions are less effective at restoring your
                  | health. [a neqoxec]
    14 | D        | Gained mutation: You occasionally lose the ability to drink
                  | potions when taking damage. [a neqoxec]
    17 | D        | Killed a neqoxec
    18 | D        | Reached skill level 5 in Fighting
    18 | D        | Reached XP level 5. HP: 28/50 MP: 5/5
    21 | D        | Killed a neqoxec
    22 | D        | Reached skill level 5 in Dodging
    22 | D        | Reached XP level 6. HP: 15/60 MP: 6/6
    26 | D        | Killed a neqoxec
    43 | D        | Killed a water moccasin
   281 | D        | Your scales start taking on a dull iron-grey colour.
   281 | D        | Reached XP level 7. HP: 68/68 MP: 7/7
   317 | D        | Found a hazy altar of Hepliaklqana.
   317 | D        | Found a snail-covered altar of Cheibriados.
   318 | D        | Found a stormy altar of Qazlal.
   318 | D        | Found a viscous altar of Jiyva.
   318 | D        | Found a shadowy altar of Dithmenos.
   319 | D        | Found a sacrificial altar of Ru.
   319 | D        | Found an ancient bone altar of Kikubaaqudgha.
   319 | D        | Found a white marble altar of Elyvilon.
   320 | D        | Found an ornate altar of the Wu Jian Council.
   320 | D        | Found a shimmering blue altar of Sif Muna.
   320 | D        | Found a corrupted altar of Lugonu.
   320 | D        | Found a blossoming altar of Fedhas.
   321 | D        | Found a shimmering altar of Xom.
   321 | D        | Found a bloodstained altar of Trog.
   321 | D        | Found a burning altar of Makhleb.
   321 | D        | Found an opulent altar of Gozag.
   321 | D        | Noticed a polar bear
   331 | D        | Noticed a hornet
   348 | D        | Killed a polar bear
   445 | D        | Noticed Menkaure
   463 | D        | Killed Menkaure
   652 | D        | Noticed a yaktaur
   677 | D        | Killed a hornet
   678 | D        | Reached skill level 10 in Fighting
   678 | D        | Reached XP level 8. HP: 59/79 MP: 8/8
   683 | D        | Killed a yaktaur
   719 | D        | Noticed a polar bear
   720 | D        | Found a glowing golden altar of the Shining One.
   720 | D        | Found a basalt altar of Yredelemnul.
   720 | D        | Found a hide-covered altar of Uskayaw.
   721 | D        | Found a glowing silver altar of Zin.
   721 | D        | Found a radiant altar of Vehumet.
   721 | D        | Found a sparkling altar of Nemelex Xobeh.
   721 | D        | Noticed a polar bear
   722 | D        | Found an iron altar of Okawaru.
   731 | D        | Became a worshipper of Gozag Ym Sagoz the Greedy
   746 | D        | Killed a polar bear
   760 | D        | Killed a polar bear
  1023 | D        | Reached skill level 1 in Ranged Weapons
  1024 | D        | Reached skill level 2 in Ranged Weapons
  1027 | D        | Reached skill level 3 in Ranged Weapons
  1027 | D        | Reached XP level 9. HP: 78/89 MP: 9/9
  1031 | D        | Reached skill level 4 in Ranged Weapons
  1043 | D        | Found Sotafac's Antique Armour Shop.
  1043 | D        | Found Vaystibe's Book Boutique.
  1043 | D        | Found Mothra's Antique Armour Shop.
  1043 | D        | Found Mifudol's Magic Scroll Boutique.
  1043 | D        | Found Nenyul's Antique Armour Shop.
  1043 | D        | Found Tiac's Antique Armour Shop.
  1043 | D        | Found Witydgh's Distillery.
  1044 | D        | Found Lojuqo's Book Shop.
  1044 | D        | Found Soickom's Jewellery Boutique.
  1044 | D        | Found Ecebot's Book Shop.
  1045 | D        | Found Pasut's Jewellery Boutique.
  1045 | D        | Found Imaol's Antique Weapon Shop.
  1045 | D        | Found Tuhenluw's Distillery.
  1045 | D        | Found Racad's Magic Scroll Boutique.
  1056 | D        | Reached skill level 5 in Ranged Weapons
  1085 | D        | Noticed an oklob plant
  1086 | D        | Found Syuqebef's Book Shoppe.
  1086 | D        | Noticed a manticore
  1087 | D        | Noticed a manticore
  1089 | D        | Noticed a manticore
  1101 | D        | Bought the ring of Morality {Fly rElec rPois Slay+4} for
                  | 983 gold pieces
  1106 | D        | Bought a potion of invisibility for 88 gold pieces
  1106 | D        | Bought a potion of haste for 110 gold pieces
  1106 | D        | Bought a potion of heal wounds for 55 gold pieces
  1106 | D        | Bought a potion of curing for 33 gold pieces
  1106 | D        | Bought a potion of curing for 33 gold pieces
  1147 | D        | Noticed a kraken
  1425 | D        | Reached skill level 6 in Ranged Weapons
  1433 | D        | Reached skill level 7 in Ranged Weapons
  1871 | D        | Bought a cloak for 130 gold pieces
  1879 | D        | Bought a pair of boots for 108 gold pieces
  1886 | D        | Bought a scroll of identify for 20 gold pieces
  1886 | D        | Bought a scroll of identify for 20 gold pieces
  1886 | D        | Bought a scroll of identify for 20 gold pieces
  1886 | D        | Bought a scroll of enchant armour for 75 gold pieces
  2080 | D        | Reached skill level 8 in Ranged Weapons
  2255 | D        | Noticed an obsidian statue
  2314 | D        | Killed a boulder beetle
  2315 | D        | Reached skill level 10 in Ranged Weapons
  2335 | D        | Killed a boulder beetle
  2336 | D        | Reached skill level 11 in Ranged Weapons
  2336 | D        | Reached XP level 10. HP: 96/96 MP: 10/10
  2371 | D        | Bought a potion of degeneration for 13 gold pieces
  2377 | D        | Bought a scroll of identify for 26 gold pieces
  2377 | D        | Bought a scroll of identify for 26 gold pieces
  2377 | D        | Bought a scroll of enchant weapon for 97 gold pieces
  2401 | D        | Found Acauhick's Antique Weapon Boutique.
  2467 | D        | Killed a kraken
  2468 | D        | Reached skill level 13 in Ranged Weapons
  2655 | D        | Noticed a crystal guardian
  2687 | D        | Noticed a death drake
  2706 | D        | Killed a death drake
  2707 | D        | Reached skill level 14 in Ranged Weapons
  3032 | D        | Noticed a death drake
  3043 | D        | Killed a crystal guardian
  3044 | D        | Reached skill level 15 in Ranged Weapons
  3065 | D        | Killed a death drake
  3327 | D        | Bought a scroll of blinking for 97 gold pieces
  3327 | D        | Bought a scroll of identify for 26 gold pieces
  3327 | D        | Bought a scroll of identify for 26 gold pieces
  3327 | D        | Bought a scroll of magic mapping for 97 gold pieces
  3371 | D        | Bought a potion of cancellation for 104 gold pieces
  3371 | D        | Bought a potion of might for 52 gold pieces
  3371 | D        | Bought a potion of berserk rage for 65 gold pieces
  3371 | D        | Bought a potion of attraction for 39 gold pieces
  3371 | D        | Bought a potion of flight for 39 gold pieces
  3371 | D        | Bought a potion of curing for 39 gold pieces
  3371 | D        | Bought a potion of curing for 39 gold pieces
  3411 | D        | Identified Roxanne's Papyrus of the Boulder
  3411 | D        | Noticed Roxanne
  3432 | D        | Killed Roxanne
  3433 | D        | Reached skill level 16 in Ranged Weapons
  3433 | D        | Reached XP level 11. HP: 102/102 MP: 11/11
  3457 | D        | Learned a level 6 spell: Statue Form
  3461 | D        | Noticed Kirke
  3461 | D        | Noticed a skeletal warrior
  3467 | D        | Noticed a yaktaur captain
  3469 | D        | Noticed a lindwurm
  3485 | D        | Reached skill level 1 in Transmutations
  3490 | D        | Killed Kirke
  3491 | D        | Noticed a centaur warrior
  3496 | D        | Noticed a cacodemon
  3505 | D        | Noticed a deep elf high priest
  3508 | D        | Noticed a golden dragon
  3509 | D        | Noticed a bone dragon
  3510 | D        | Noticed a storm dragon
  3517 | D        | Noticed a frost giant
  3522 | D        | Killed a cacodemon
  3523 | D        | Reached skill level 5 in Transmutations
  3534 | D        | Killed a skeletal warrior
  3538 | D        | Killed a centaur warrior
  3672 | D        | Killed a frost giant
  3682 | D        | HP: 3/102 [golden dragon/bolt of fire (17)]
  3903 | D        | Lost mutation: You occasionally lose the ability to drink
                  | potions when taking damage. [potion of mutation]
  3903 | D        | Gained mutation: Your mind is acute. (Int +4, Str/Dex -1)
                  | [potion of mutation]
  3903 | D        | Gained mutation: You have large cloven feet. [potion of
                  | mutation]
  3903 | D        | Gained mutation: Your system is resistant to poisons.
                  | (rPois) [potion of mutation]
  4065 | D        | Shot with a bolt by a yaktaur captain

Illustrated notes

Levels and vault maps discovered:
D:        the_violet_keep_of_menkaure [sprint2_stairs_cluster_1,
          sprint2_shoproom, sprint2_temple, sprint2_basic_supplies,
          sprint2_obstacle_7, sprint2_obstacle_3, sprint2_obstacle_6,
          sprint2_obstacle_5, sprint2_obstacle_1, sprint2_timed_cluster_1,
          sprint2_smallroom_cluster_1, sprint2_smallroom_final_cluster_1,
          sprint2_transparent_cluster_1, sprint2_second_timed_cluster_1,
          sprint2_sniper_area_1, sprint2_heavy_combat_area_1,
          sprint2_mutation_trap_area_1, sprint2_forest_area_1,
          sprint2_light_combat_area_1, sprint2_behind_water_1,
          sprint2_near_end_vault_1]

Skill      XL: |  1  2  3  4  5  6  7  8  9 10 11 |
---------------+----------------------------------+-----
Unarmed Combat | 10 11 12 13 14 | 14.1
Fighting       | 5 7 8 10 11 | 11.5
Dodging        | 4 5 6 8 9 |  9.8
Ranged Weapons | 3 11 16 | 16.7
Transmutations | 7 |  7.7
Earth Magic    | 9 |  9.2
Stealth        | |  1.7

Action                   |  1- 3 |  4- 6 |  7- 9 | 10-12 || total
-------------------------+-------+-------+-------+-------++-------
Melee: Unarmed           |     7 |    17 |   103 |    91 ||   218
       Tailslap          |     2 |     4 |    21 |    21 ||    48
       Punch             |       |       |    14 |     8 ||    22
 Fire: Arbalest          |       |       |    62 |    52 ||   114
Invok: Potion Petition   |       |       |     1 |     1 ||     2
       Call Merchant     |       |       |       |     1 ||     1
  Use: Potion            |     1 |       |       |    14 ||    15
       Scroll            |       |       |     7 |    12 ||    19
Armor: Skin              |     3 |       |    33 |    43 ||    79
Dodge: Dodged            |     6 |     9 |    84 |    59 ||   158

Table legend: (Time is in decaauts)
 A = Elapsed time spent in this place.
 B = Non-inter-level travel time spent in this place.
 C = Inter-level travel time spent in this place.
 D = Time resting spent in this place.
 E = Time spent auto-exploring this place.
 F = Levels seen in this place.
 G = Mean time per level.
                   A        B        C        D        E       F      G
               +--------+--------+--------+--------+--------+-----+--------+
         Total |   4049 |   4043 |      6 |   2771 |      0 |   1 | 4049.0 |
       Dungeon |   4049 |   4043 |      6 |   2771 |      0 |   1 | 4049.0 |
               +--------+--------+--------+--------+--------+-----+--------+

Top non-repeatable levels by time:
       D: 4049 daAuts
